 Dungeon Crawl Stone Soup version 0.18-a0-719-gd8378e8 (webtiles) character file.

101 Geeful the Ruffian (level 5, 0/35 HPs)
             Began as a Human Wanderer on Dec 8, 2015.
             Slain by a gnoll
             ... wielding a +0 mace of crushing
              (1 damage)
             ... on level 1 of the Dungeon.
             The game lasted 00:08:54 (3244 turns).

Geeful the Ruffian (Human Wanderer)                 Turns: 3244, Time: 00:08:55

Health: 0/35       AC:  8    Str: 15    XL:     5   Next: 4%
Magic:  9/9        EV:  9    Int: 11    God:
Gold:   49         SH:  0    Dex: 12    Spells: 0 memorised, 10 levels left

rFire  . . .     SeeInvis .       - Unarmed
rCold  + . .     Clarity  .     a - +2 scale mail
rNeg   . . .     SustAt   .     (no shield)
rPois  .         Gourm    .     (no helmet)
rElec  .         Spirit   .     (no cloak)
rCorr  .         Dismiss  .     (no gloves)
rMut   .         Stasis   .     (no boots)
MR     .....                    (no amulet)
Stlth  ..........               (no ring)
                                h - ring of protection from cold

@: not resistant to hostile enchantments, extremely unstealthy
A: no striking features
a: no special abilities


You were on level 1 of the Dungeon.
You were not hungry.

You visited 1 branch of the dungeon, and saw 2 of its levels.

You collected 49 gold pieces.

Inventory:

Missiles
 b - 8 poisoned needles
Armour
 a - a +2 scale mail (worn)
Jewellery
 h - a ring of protection from cold (left hand)
Scrolls
 g - a scroll of enchant weapon
Comestibles
 c - a chunk of flesh
 d - 5 fruits
 e - a bread ration
 f - 2 meat rations


   Skills:
   Level 2.0 Crossbows
 - Level 1.0 Armour
 - Level 1.0 Stealth
   Level 1.0 Shields
 + Level 4.2 Unarmed Combat
 - Level 3.0 Spellcasting
   Level 1.0 Summonings
   Level 1.0 Air Magic


You had 10 spell levels left.
You didn't know any spells.

Dungeon Overview and Level Annotations

Branches:
Dungeon (2/15)

Altars:
Makhleb
Xom


Message History

The gnoll is moderately wounded.
The gnoll hits you with a mace of crushing.
The gnoll closely misses you.
You closely miss the gnoll.
The gnoll is moderately wounded.
The gnoll hits you with a mace of crushing!
* * * LOW HITPOINT WARNING * * *
x2 The gnoll closely misses you.
You aren't carrying any potions.
You hit the gnoll.
The gnoll is heavily wounded.
The gnoll hits you but does no damage.
Read which item? (? for menu, Esc to quit)
Okay, then.
You barely miss the gnoll.
The gnoll is heavily wounded.
The gnoll barely misses you.
The gnoll hits you with a mace of crushing.
* * * LOW HITPOINT WARNING * * *
You die...

##.# #.# ####...####)#
##.# #.# #...# #.# ##.#
#.# #...# #.# ...# ##.##
##.## #.#
...#####...######.# #.#
##.......#........# #.#
########...######## #.#
#########.#############.#
##...#....#...lg@gl.....#
..###..#..#.#############
..# #....##.###########
#.###.#.###...........#
##...##.###.#.#.#####.#
#######.##.......# #.# #
#...#.#.#.## #.#
#######.#.....>..# #.#
##......###)#.#.## #.#


You could see 2 gnolls and 2 giant newts.

Vanquished Creatures
  3 gnolls
  2 adders (D:1)
  2 worms (D:2)
  4 giant cockroaches
  8 goblins
  4 hobgoblins (D:1)
  7 bats
  2 giant geckos (D:1)
  3 giant newts (D:1)
  8 kobolds
  6 rats
49 creatures vanquished.

Notes
Turn   | Place    | Note
--------------------------------------------------------------
     0 | D:1      | Geeful the Human Wanderer began the quest for the Orb.
     0 | D:1      | Geeful set off with: a +2 scale mail, the Almanac of Changing, a scroll of teleportation, a +0 club, a bread ration
     0 | D:1      | Reached XP level 1. HP: 13/13 MP: 4/4
     1 | D:1      | Identified the Almanac of Changing
   207 | D:1      | Reached skill level 1 in Unarmed Combat
   334 | D:1      | Reached XP level 2. HP: 4/19 MP: 6/6
  1030 | D:1      | Reached XP level 3. HP: 22/24 MP: 7/7
  1963 | D:1      | Reached XP level 4. HP: 20/30 MP: 8/8
  2733 | D:2      | Found a shimmering altar of Xom.
  2739 | D:2      | Found a burning altar of Makhleb.
  2773 | D:1      | Reached skill level 4 in Unarmed Combat
  3041 | D:2      | Reached XP level 5. HP: 23/35 MP: 9/9
  3244 | D:1      | HP: 1/35 [gnoll/mace of crushing (2)]
  3244 | D:1      | Slain by a gnoll

Vault maps used:
D:1:      dpeg_arrival_rooms_b, st_stairs_8, serial_bayou_lake_a
D:2:      grunt_temple_overflow_open

Action                   |  1- 3 |  4- 6 || total
-------------------------+-------+-------++-------
Melee: Unarmed           |   217 |   110 ||   327
  Use: Scroll            |     3 |     2 ||     5
  Eat: Chunk             |     4 |     4 ||     8
